 Dungeon Crawl Stone Soup version 0.27-a0-1612-gde56a17b89 (webtiles) character file.

Game seed: 18386188146120058600

4054 Sin92 the Skirmisher (level 10, -8/77 HPs)
             Began as a Demonspawn Fighter on July 21, 2021.
             Was a Priest of Okawaru.
             Mangled by an orc warrior (14 damage)
             ... on level 9 of the Dungeon.
             The game lasted 00:12:09 (7779 turns).

Sin92 the Skirmisher (Demonspawn Fighter)           Turns: 7779, Time: 00:12:10

Health: -8/77      AC: 19    Str: 20    XL:     10   Next: 4%
Magic:  13/13      EV:  6    Int:  9    God:    Okawaru [***...]
Gold:   346        SH: 15    Dex: 16    Spells: 9/9 levels left

rFire    . . .     SeeInvis +   s - +2 hand axe (vamp)
rCold    . . .     Faith    .   c - +0 kite shield
rNeg     . . .     Spirit   .   r - +1 plate armour
rPois    .         Reflect  .   (helmet unavailable)
rElec    .         Harm     .   (no cloak)
rCorr    .         Rampage  .   C - +0 pair of fencer's gloves {Riposte Dex+3}
Will     .....                  (no boots)
Stlth    ..........             (no amulet)
HPRegen  0.22/turn              l - +4 ring of slaying
MPRegen  0.13/turn              m - +4 ring of protection

@: no status effects
A: antennae 3, large bone plates 1, icemail 1, powered by death 1, condensation
shield
a: Renounce Religion, Heroism


You were on level 9 of the Dungeon.
You worshipped Okawaru.
Okawaru was most pleased with you.
You visited 2 branches of the dungeon, and saw 10 of its levels.

You collected 1022 gold pieces.
You spent 676 gold pieces at shops.

Inventory:

Hand Weapons
 s - a +2 vampiric hand axe (weapon)
 J - a +1 war axe of flaming
Missiles
 x - a throwing net (quivered)
Armour
 c - a +0 kite shield (worn)
 r - a +1 plate armour (worn)
 A - a +2 hat
 C - the +0 pair of fencer's gloves (worn) {Riposte Dex+3}
   (You bought it in a shop on level 6 of the Dungeon)

   It allows the wearer to riposte with any weapon, or to riposte more often
   with a long blade, swiftly retaliating against a missed attack.
   Dex:       It affects your dexterity (+3).
Jewellery
 a - a ring of protection from cold
 l - a +4 ring of slaying (left hand)
 m - a +4 ring of protection (right hand)
 n - an amulet of magic regeneration
Scrolls
 g - 3 scrolls of identify
 i - a scroll of noise
 t - a scroll of blinking
 w - a scroll of fog
Potions
 e - 3 potions of haste
 j - 2 potions of curing
 k - 3 potions of brilliance {unknown}
 o - a potion of mutation {unknown}
 p - a potion of flight {unknown}
 q - a potion of invisibility {unknown}
 B - a potion of berserk rage {unknown}
 E - 4 potions of heal wounds {unknown}


   Skills:
 + Level 6.8 Fighting
 * Level 6.3 Axes
 + Level 6.2 Armour
 + Level 5.3 Dodging
 + Level 6.2 Shields
 + Level 5.0 Invocations


You had 9 spell levels left.
You didn't know any spells.
Your spell library contained the following spells:

 Spells                   Type           Power      Damage    Failure   Level
 Sting                    Tmut/Pois      0%         1d3       100%        1
 Poisonous Vapours        Pois/Air       0%         N/A       100%        2
 Gell's Gravitas          Tloc           0%         N/A       100%        3
 Ignite Poison            Fire/Tmut/Pois 0%         N/A       100%        3
 Lesser Beckoning         Tloc           0%         N/A       100%        3
 Mephitic Cloud           Conj/Pois/Air  0%         N/A       100%        3
 Stone Arrow              Conj/Erth      0%         3d7       100%        3
 Teleport Other           Tloc           0%         N/A       100%        3
 Animate Armour           Summ/Erth      0%         N/A       100%        4
 Olgreb's Toxic Radiance  Pois           0%         N/A       100%        4
 Bolt of Magma            Conj/Fire/Erth 0%         4d4       100%        5
 Lehudib's Crystal Spear  Conj/Erth      0%         10d2      100%        8


Dungeon Overview and Level Annotations

Branches:
Dungeon (9/15)             Temple (1/1) D:5            Lair (0/6) D:9
    Orc: D:9-12

Altars:
Dithmenos
Elyvilon
Hepliaklqana
Okawaru
Qazlal
Vehumet
Zin
The Shining One

Shops:
D:6 *   D:8 *


Innate Abilities, Weirdness & Mutations

You have a pair of large antennae on your head. (SInv)
You are partially covered in large bone plates. (SH +4)
A meltable icy envelope protects you from harm. (AC +0)
You regenerate a little health from kills.
A meltable shield of frost defends you. (SH +0)


Message History

Items here: ( )) [[.
You closely miss the orc warrior.
The orc warrior is lightly wounded.
The orc warrior hits you with a +0 scimitar!
Unknown command.
Your plate armour prevents you from hitting the orc warrior.
The orc warrior is lightly wounded.
The orc priest looks encouraged for a moment.
You block the orc warrior's attack. x2
You hit the orc warrior.
You feel better.
The orc warrior is moderately wounded.
You block the orc warrior's attack.
You slash the orc warrior!
You feel better.
The orc warrior is heavily wounded.
The orc warrior closely misses you.
You riposte.
You hit the orc warrior.
The orc warrior is heavily wounded.
You hit the orc warrior.
You feel better.
The orc warrior is severely wounded.
You block the orc warrior's attack.
You slash the orc warrior!
You feel better.
The orc warrior is almost dead.
The orc warrior hits you but does no damage.
An orc comes into view.
It is wielding a +0 falchion and quivering poisoned darts.
The orc priest calls down the wrath of Beogh upon you.
Beogh smites you!
The orc shouts!
You barely miss the orc warrior.
The orc warrior is almost dead.
You block the orc warrior's attack.
The orc priest calls down the wrath of Beogh upon you.
Beogh smites you!
You hit the orc warrior but do no damage.
The orc warrior is almost dead.
The orc warrior hits you with a +0 scimitar!
* * * LOW HITPOINT WARNING * * *
The orc priest calls down the wrath of Beogh upon you.
Beogh smites you!
* * * LOW HITPOINT WARNING * * *
The orc warrior hits you with a +0 scimitar!
You die...

{ . ###########
.################.........#
........[....ooo@)..#####.#
..$≈......÷..o###.#.# #...#
..≈....######..(..#§# #.###
≈≈≈:..?.#########.#§###.#
≈≈≈≈≈..{{{.[.......§§§#.#
≈≈≈.....#####.......#.#.#
≈≈.≈{...# #.#######§#.#
≈≈≈≈....# #.# #.#.#
≈≈≈;{..## #.# #.#.#


You could see an orc warrior, an orc priest, an orc wizard (invisible) and an
orc.

Vanquished Creatures
  A two-headed ogre (D:9)
  A troll (D:9)
  Grinder (D:6)
  Sigmund (D:6)
  Edmund (D:6)
  A water moccasin (D:7)
  2 orc warriors
  An ice beast (D:7)
  A black bear (D:5)
  3 ogres
  A necrophage (D:5)
  2 centaurs
  A phantom (D:6)
  4 wolves (D:9)
  Blork the orc (D:4)
  A bullfrog (D:8)
  A gnoll sergeant (D:8)
  A water moccasin zombie (D:7)
  4 wights (D:8)
  6 howler monkeys
  A centaur zombie (D:9)
  A bullfrog zombie (D:6)
  A jelly (D:7)
  2 orc priests (D:4)
  4 hounds
  3 bullfrog skeletons
  4 orc wizards
  A killer bee zombie (D:8)
  2 howler monkey zombies
  4 gnolls (D:8)
  8 adders
  2 shadow imps
  3 worms
  2 dart slugs
  18 orcs
  A bat (D:2)
  8 endoplasms
  7 giant cockroaches
  5 goblins
  5 hobgoblins
  8 jackals (D:1)
  2 quokkas (D:3)
  4 ball pythons
  A frilled lizard (D:1)
  8 kobolds
  2 rats
  A spectral kobold (D:7)
143 creatures vanquished.

Notes
Turn   | Place    | Note
-------+----------+-------------------------------------------
     0 | D:1      | Sin92 the Demonspawn Fighter began the quest for the Orb.
     0 | D:1      | Reached XP level 1. HP: 18/18 MP: 1/1
   337 | D:1      | Gained mutation: You have a pair of small antennae on your
                  | head. [demonic ancestry]
   337 | D:1      | Reached XP level 2. HP: 22/24 MP: 2/2
   551 | D:1      | Found a faded altar of an unknown god.
   667 | D:1      | Gained mutation: You are partially covered in large bone
                  | plates. (SH +4) [demonic ancestry]
   667 | D:1      | Reached XP level 3. HP: 20/29 MP: 3/3
  1179 | D:2      | Reached skill level 1 in Dodging
  1606 | D:2      | Reached XP level 4. HP: 30/35 MP: 4/4
  1806 | D:2      | Identified a scroll of acquirement
  1807 | D:2      | Acquired 617 gold pieces
  2744 | D:4      | Noticed an ogre
  2750 | D:4      | Killed an ogre
  2751 | D:4      | Gained mutation: A meltable shield of frost defends you.
                  | (SH +0) [demonic ancestry]
  2751 | D:4      | Reached XP level 5. HP: 20/42 MP: 5/5
  3163 | D:4      | Gained mutation: You regenerate a little health from kills.
                  | [demonic ancestry]
  3163 | D:4      | Reached XP level 6. HP: 45/48 MP: 6/6
  3238 | D:4      | Noticed Blork the orc
  3249 | D:4      | Killed Blork the orc
  3281 | D:4      | Found a stormy altar of Qazlal.
  3471 | D:4      | Noticed an orc warrior
  3490 | D:4      | Killed an orc warrior
  3698 | D:4      | Gained mutation: You have a pair of antennae on your head.
                  | [demonic ancestry]
  3698 | D:4      | Reached XP level 7. HP: 54/55 MP: 7/7
  3785 | D:5      | Entered Level 5 of the Dungeon
  3897 | D:5      | Found a staircase to the Ecumenical Temple.
  3976 | Temple   | Entered the Ecumenical Temple
  4047 | Temple   | Became a worshipper of Warmaster Okawaru
  4809 | D:6      | Found Awas's General Store.
  4823 | D:6      | Bought the +0 pair of fencer's gloves {Riposte Dex+3} for
                  | 520 gold pieces
  4823 | D:6      | Found the +0 pair of fencer's gloves {Riposte Dex+3}
  4908 | D:6      | Noticed Edmund
  4928 | D:6      | Killed Edmund
  4929 | D:6      | Reached skill level 5 in Fighting
  4941 | D:6      | Reached XP level 8. HP: 54/62 MP: 8/8
  5024 | D:6      | Noticed Sigmund
  5031 | D:6      | Killed Sigmund
  5136 | D:6      | Reached * piety under Okawaru
  5137 | D:6      | Reached skill level 5 in Armour
  5246 | D:6      | Noticed Grinder
  5259 | D:6      | Killed Grinder
  5260 | D:6      | Reached skill level 5 in Shields
  5260 | D:6      | Reached skill level 1 in Invocations
  5621 | D:7      | Reached ** piety under Okawaru
  5628 | D:7      | Reached skill level 5 in Axes
  5628 | D:7      | Gained mutation: A meltable icy envelope protects you from
                  | harm. (AC +0) [demonic ancestry]
  5628 | D:7      | Reached XP level 9. HP: 69/69 MP: 8/10
  6112 | D:7      | Found a hazy altar of Hepliaklqana.
  6119 | D:7      | Acquired a +2 hat
  6474 | D:8      | Found a shadowy altar of Dithmenos.
  6847 | D:8      | Found Vinae's Assorted Antiques.
  6851 | D:8      | Bought a glowing war axe for 156 gold pieces
  7159 | D:9      | Noticed a two-headed ogre
  7170 | D:9      | Noticed a troll
  7183 | D:9      | Killed a two-headed ogre
  7183 | D:9      | Reached *** piety under Okawaru
  7184 | D:9      | Reached skill level 5 in Dodging
  7192 | D:9      | Killed a troll
  7198 | D:9      | Gained mutation: You have a pair of large antennae on your
                  | head. (SInv) [demonic ancestry]
  7198 | D:9      | Reached XP level 10. HP: 77/77 MP: 13/13
  7200 | D:9      | Reached skill level 5 in Invocations
  7274 | D:9      | Found a staircase to the Lair.
  7779 | D:9      | Mangled by an orc warrior

Illustrated notes

Levels and vault maps discovered:
D:1:      wheals_arrival_linesprint, layout_loops_cross,
          hellmonk_ecumenical_altar_slurped_away, minmay_misc_feat_hallway
D:2:      layout_basic, kennysheep_doodads, bh_walls_and_bars
D:3:      layout_loops_ring, mainiacjoe_overflow_alcove_2
D:4:      layout_rooms, overflow_temple_1_default, minmay_parallelograms,
          guppyfry_early_orc_mine, uniq_blork_the_orc
D:5:      cheibrodos_quashed, layout_rooms, minmay_temple_entry_statues,
          cheibrodos_sewer_entry_bend, grunt_decor_resistance
D:6:      layout_rooms, serial_shops, shop_fountains, uniq_edmund, uniq_sigmund,
          uniq_grinder
D:7:      layout_loops_ring, nicolae_hepliaklqana_monster_ancestors
D:8:      layout_basic, nicolae_dithmenos_through_a_glass_darkly, serial_shops,
          shop, minmay_misc_feat_x, minivault_11, minivault_21
D:9:      layout_basic, mainiacjoe_overflow_brackets, erik_lair_island,
          special_room [special_room_bee]
Temple:   minmay_temple_curvy_loop

Skill      XL: |  1  2  3  4  5  6  7  8  9 10 |
---------------+-------------------------------+-----
Axes           | 2 3 4 5 6 |  6.3
Armour         | 3 4 5 6 |  6.2
Dodging        | 1 2 3 4 5 |  5.3
Shields        | 3 4 5 6 |  6.2
Fighting       | 4 5 6 |  6.8
Invocations    | 2 4 5 |  5.0

Action                   |  1- 3 |  4- 6 |  7- 9 | 10-12 || total
-------------------------+-------+-------+-------+-------++-------
Melee: War axe           |    99 |   120 |       |       ||   219
       Hand axe          |       |    10 |   299 |    36 ||   345
Invok: Heroism           |       |       |     1 |       ||     1
  Use: Scroll            |       |     5 |     2 |     7 ||    14
       Potion            |       |     2 |     1 |       ||     3
Armor: Scale mail        |    38 |    38 |       |       ||    76
       Plate armour      |       |     4 |   108 |    18 ||   130
Dodge: Dodged            |    41 |    24 |    46 |     6 ||   117
Block: Kite shield       |    72 |   101 |   277 |    35 ||   485
       Rpst.: Hand axe   |       |       |     8 |     2 ||    10

Table legend: (Time is in decaauts)
 A = Elapsed time spent in this place.
 B = Non-inter-level travel time spent in this place.
 C = Inter-level travel time spent in this place.
 D = Time resting spent in this place.
 E = Time spent auto-exploring this place.
 F = Levels seen in this place.
 G = Mean time per level.
                   A        B        C        D        E       F      G
               +--------+--------+--------+--------+--------+-----+--------+
         Total |   7981 |   7608 |    373 |    716 |   5363 |  10 |  798.1 |
       Dungeon |   7859 |   7535 |    324 |    716 |   5298 |   9 |  873.2 |
        Temple |    121 |     72 |     49 |      0 |     65 |   1 |  121.0 |
               +--------+--------+--------+--------+--------+-----+--------+

Top non-repeatable levels by time:
     D:1: 1180 daAuts
     D:4: 1064 daAuts
     D:8: 950 daAuts
     D:3: 946 daAuts
     D:7: 825 daAuts
     D:5: 823 daAuts
     D:2: 710 daAuts
     D:9: 710 daAuts
     D:6: 647 daAuts
  Temple: 121 daAuts
